[Event "Titled Tuesday Blitz September 14 2021"]
[White "Andreikin, Dmitry"]
[Black "Koc, Przemyslaw"]
[WhiteFideId "4158814"]
[BlackFideId "1109081"]
[WhiteElo "2736"]
[BlackElo "2141"]
[Result "1-0"]
[Round "01"]
[TimeControl "180+1"]
[Date "2021.09.15"]
[WhiteClock "0:00:56"]
[BlackClock "0:00:06"]

1. e4 c5 2. Nf3 Nc6 3. Nc3 e5 4. Bc4 d6 5. d3 Be7 6. Nd2 Bg5 7. h4 Bh6 8. g4 Bf4 9. Nd5 Bxd2+ 10. Bxd2 Nge7 11. Bg5 f6 12. Bxf6 gxf6 13. Nxf6+ Kf8 14. g5 Ng6 15. Qh5 Qe7 16. O-O-O Nf4 17. Qf3 Nd4 18. Qe3 Be6 19. c3 Nc6 20. Rhg1 Kg7 21. h5 Rhf8 22. Kb1 Kh8 23. Bd5 Bxd5 24. exd5 Nb8 25. d4 cxd4 26. Rxd4 Rxf6 27. gxf6 Qxf6 28. Rb4 b6 29. Rc4 Na6 30. b4 Rf8 31. Qe4 Nxh5 32. Qg4 Nf4 33. Rc8 Qf7 34. Qd7 1-0


[Site "https://www.chess.com"]

[Event "Titled Tuesday Blitz September 14 2021"]
[White "Baches Garcia, Guillermo"]
[Black "Deac, Bogdan-Daniel"]
[WhiteFideId "2209764"]
[BlackFideId "1226380"]
[WhiteElo "2476"]
[BlackElo "2605"]
[Result "0-1"]
[Round "01"]
[TimeControl "180+1"]
[Date "2021.09.15"]
[WhiteClock "0:00:03"]
[BlackClock "0:00:25"]

1. e4 g6 2. d4 Bg7 3. Be3 c5 4. Ne2 Nf6 5. f3 cxd4 6. Nxd4 d5 7. Bb5+ Nfd7 8. exd5 O-O 9. Nc3 Nb6 10. O-O Nxd5 11. Nxd5 Qxd5 12. c4 Qd6 13. Rf2 Qc7 14. Qb3 Nd7 15. Qa3 Nb6 16. Rc1 a6 17. Ba4 Rd8 18. Nb3 Nxc4 19. Qb4 Nxe3 20. Re2 Nd5 21. Rxc7 Nxb4 22. Rexe7 Nd5 23. Rxf7 Nxc7 24. Rxg7+ Kxg7 0-1


[Site "https://www.chess.com"]

[Event "Titled Tuesday Blitz September 14 2021"]
[White "Bilan, Danila"]
[Black "Tabatabaei, M. Amin"]
[WhiteFideId "24161918"]
[BlackFideId "12521213"]
[WhiteElo "2164"]
[BlackElo "2555"]
[Result "0-1"]
[Round "01"]
[TimeControl "180+1"]
[Date "2021.09.15"]
[WhiteClock "0:00:07"]
[BlackClock "0:00:54"]

1. d4 Nf6 2. Nf3 e6 3. g3 b6 4. Bg2 Bb7 5. O-O Be7 6. c4 O-O 7. d5 Na6 8. Nc3 Nc5 9. Nd4 e5 10. Nf5 d6 11. Qc2 a5 12. b3 Bc8 13. Bb2 Re8 14. Nxe7+ Qxe7 15. a3 a4 16. b4 Nb3 17. Rad1 Bd7 18. Ne4 Nxe4 19. Bxe4 g6 20. Bg2 f5 21. e3 h5 22. f4 exf4 23. exf4 Qe2 24. Qxe2 Rxe2 25. Rf2 Rae8 26. Bf3 R2e3 27. h4 b5 28. c5 dxc5 29. bxc5 Nxc5 30. Bd4 Re1+ 31. Rf1 Rxf1+ 32. Kxf1 Nb3 33. Be5 b4 34. axb4 a3 35. d6 c6 36. b5 Na5 37. bxc6 Bxc6 38. Bxc6 Nxc6 39. Ra1 Ra8 40. d7 Kf7 41. Bd6 a2 42. Be5 Nxe5 43. fxe5 Ke7 44. e6 Ra3 45. Kf2 Ra5 46. Ke3 Ra4 47. Kd3 Ra8 48. Kc3 Kxe6 49. Rxa2 Rg8 50. Rd2 Rd8 51. Kc4 Rxd7 52. Rxd7 Kxd7 53. Kd5 Ke7 54. Ke5 Kf7 55. Kd5 Kf6 56. Kd6 f4 57. gxf4 Kf5 58. Ke7 Kxf4 59. Kf6 Kg4 60. Kxg6 Kxh4 61. Kf5 Kg3 0-1


[Site "https://www.chess.com"]

[Event "Titled Tuesday Blitz September 14 2021"]
[White "Bluebaum, Matthias"]
[Black "Van der Werf, Mark"]
[WhiteFideId "24651516"]
[BlackFideId "1000470"]
[WhiteElo "2681"]
[BlackElo "2398"]
[Result "1-0"]
[Round "01"]
[TimeControl "180+1"]
[Date "2021.09.15"]
[WhiteClock "0:01:46"]
[BlackClock "0:00:58"]

1. d4 d5 2. Nf3 e6 3. Bf4 Bd6 4. e3 Bxf4 5. exf4 Qd6 6. Qc1 c5 7. dxc5 Qxc5 8. Bd3 Ne7 9. O-O h6 10. Nbd2 O-O 11. Nb3 Qd6 12. c3 Nbc6 13. Qe3 Bd7 14. Rad1 Rad8 15. h4 Bc8 16. h5 f6 17. Rfe1 Rfe8 18. Bb1 a5 19. a4 Qc7 20. Qd3 f5 21. Qe3 Kh8 22. Nc5 Ng8 23. Ne5 Nxe5 24. fxe5 Qf7 25. Qh3 b6 26. Nd3 Ne7 27. Nf4 Ba6 28. Qh4 Bc4 29. Bc2 b5 30. b3 1-0


[Site "https://www.chess.com"]

[Event "Titled Tuesday Blitz September 14 2021"]
[White "Chigaev, Maksim"]
[Black "Sadovsky, Artem"]
[WhiteFideId "4108116"]
[BlackFideId "4155840"]
[WhiteElo "2610"]
[BlackElo "2414"]
[Result "1-0"]
[Round "01"]
[TimeControl "180+1"]
[Date "2021.09.15"]
[WhiteClock "0:00:57"]
[BlackClock "0:00:16"]

1. d4 g6 2. e4 Bg7 3. Nc3 c6 4. h3 d5 5. Nf3 dxe4 6. Nxe4 Nd7 7. Bd3 Ngf6 8. Nxf6+ Nxf6 9. O-O O-O 10. c3 Qc7 11. Re1 c5 12. Qe2 e6 13. Bg5 b6 14. Qe5 Qxe5 15. dxe5 Nd5 16. Be4 Rb8 17. c4 Nb4 18. a3 Na6 19. Be7 Re8 20. Bd6 Rb7 21. Rad1 Rd7 22. Bc6 Red8 23. Bxd7 Rxd7 24. Ng5 Bb7 25. b4 cxb4 26. axb4 h6 27. Nf3 Bf8 28. b5 Nc5 29. Bxc5 Rxd1 30. Rxd1 Bxc5 31. Rd7 Be4 32. Nd2 Bc2 33. Kf1 g5 34. Ke2 Kg7 35. g4 h5 36. f3 hxg4 37. hxg4 Kg6 38. Ne4 Bxe4 39. fxe4 f6 40. Kf3 fxe5 41. Rxa7 Kf6 42. Rc7 Bd4 43. c5 bxc5 44. b6 c4 45. b7 Ba7 46. Rxc4 Ke7 47. Rc8 Kd7 48. Ra8 Kc7 49. Rxa7 Kb8 50. Ra6 1-0


[Site "https://www.chess.com"]

[Event "Titled Tuesday Blitz September 14 2021"]
[White "Wagner, Dinara"]
[Black "Nesterov, Arseniy"]
[WhiteFideId "24157570"]
[BlackFideId "24198455"]
[WhiteElo "2260"]
[BlackElo "2494"]
[Result "0-1"]
[Round "01"]
[TimeControl "180+1"]
[Date "2021.09.15"]
[WhiteClock "0:00:01"]
[BlackClock "0:00:05"]

1. d4 d5 2. c4 e6 3. Nf3 Nf6 4. g3 dxc4 5. Bg2 a6 6. O-O Nc6 7. e3 Rb8 8. Nfd2 e5 9. Bxc6+ bxc6 10. dxe5 Ng4 11. Nxc4 Be6 12. Nbd2 Bb4 13. b3 h5 14. Qf3 Bxd2 15. Nxd2 Nxe5 16. Qe4 Qd5 17. Qxd5 cxd5 18. Bb2 f6 19. Bxe5 fxe5 20. Nf3 e4 21. Nd4 Bh3 22. Rfc1 O-O 23. Rxc7 Rf6 24. Rac1 Rbf8 25. R1c2 g5 26. Re7 Rd8 27. Rcc7 Rg6 28. Nc6 Rf8 29. Ne5 Rh6 30. Rg7+ Kh8 31. Ng6+ Rxg6 32. Rxg6 d4 33. Rxg5 dxe3 34. Rxh5+ Kg8 35. Rg5+ Kh8 36. Rh5+ Kg8 37. Rxh3 e2 38. Rc1 Rd8 39. Kg2 e3 40. fxe3 Rd1 0-1


[Site "https://www.chess.com"]

[Event "Titled Tuesday Blitz September 14 2021"]
[White "Dzhaparov, Medet"]
[Black "Keymer, Vincent"]
[WhiteFideId "13803689"]
[BlackFideId "12940690"]
[WhiteElo "1702"]
[BlackElo "2524"]
[Result "0-1"]
[Round "01"]
[TimeControl "180+1"]
[Date "2021.09.15"]
[WhiteClock "0:00:04"]
[BlackClock "0:00:12"]

1. d4 Nf6 2. c4 e6 3. Nc3 Bb4 4. Qc2 O-O 5. a3 Bxc3+ 6. Qxc3 b6 7. Bg5 Bb7 8. e3 d6 9. Ne2 Nbd7 10. Rd1 h6 11. Bh4 Re8 12. Qc2 a5 13. Nc3 Nf8 14. f3 Ng6 15. Bf2 e5 16. Be2 e4 17. f4 Bc8 18. h3 h5 19. d5 Bf5 20. Qd2 h4 21. Nb5 Bd7 22. Nd4 Qc8 23. b3 Kh7 24. Qc3 Ng8 25. Kd2 N8e7 26. g4 hxg3 27. Bxg3 Nf5 28. Nxf5 Bxf5 29. Kc1 c6 30. dxc6 Qxc6 31. Rd5 Ne7 32. Rd4 d5 33. Rhd1 Rac8 34. Kb2 Be6 35. Bf2 a4 36. b4 Nf5 37. Rxd5 Bxd5 38. Rxd5 Qxd5 39. cxd5 Rxc3 40. Kxc3 Rc8+ 41. Kd2 Kg6 42. Bb5 Nd6 43. Bxa4 Ra8 44. Bc6 Rxa3 45. Be1 Nc4+ 46. Kd1 Rd3+ 47. Kc2 Nxe3+ 48. Kb2 Nxd5 49. b5 Nxf4 50. Bxe4+ f5 51. Bxd3 Nxd3+ 52. Kc3 Nxe1 53. Kd4 Nc2+ 54. Kd5 Na3 55. Kc6 Nxb5 56. Kxb5 f4 0-1


[Site "https://www.chess.com"]

[Event "Titled Tuesday Blitz September 14 2021"]
[White "Ekdyshman, Mikhail"]
[Black "Nakamura, Hikaru"]
[WhiteFideId "4149416"]
[BlackFideId "2016192"]
[WhiteElo "2256"]
[BlackElo "2884"]
[Result "0-1"]
[Round "01"]
[TimeControl "180+1"]
[Date "2021.09.15"]
[WhiteClock "0:00:20"]
[BlackClock "0:01:22"]

1. d4 g6 2. g3 Bg7 3. Bg2 d6 4. e4 c5 5. Ne2 cxd4 6. Nxd4 Nc6 7. Ne2 Rb8 8. Nbc3 b5 9. h3 b4 10. Nd5 e6 11. Ne3 Ba6 12. O-O Nge7 13. Re1 O-O 14. a3 Bxe2 15. Rxe2 bxa3 16. Rxa3 Bxb2 17. Bxb2 Rxb2 18. Nc4 Rb4 19. Ne3 Qb8 20. Kh2 Rb1 21. Qd3 Ne5 22. Qa6 N7c6 23. f4 Rb6 24. Qa4 Nd7 25. Nc4 Nc5 26. Nxb6 Nxa4 27. Nxa4 Nd4 28. Rd2 Qb4 29. Rad3 Nb5 30. Nb2 e5 31. Nd1 a5 32. Ne3 Nc3 33. Nd5 Nxd5 34. Rxd5 a4 35. R2d3 a3 36. Rb3 Qa4 37. Rd1 Rc8 38. Ra1 Rxc2 39. Rbxa3 Qxe4 40. Rg1 exf4 41. Rc3 f3 0-1


[Site "https://www.chess.com"]

[Event "Titled Tuesday Blitz September 14 2021"]
[White "Grigorian, Spartak"]
[Black "Sorokin, Aleksey"]
[WhiteFideId "24661490"]
[BlackFideId "24176460"]
[WhiteElo "2405"]
[BlackElo "2476"]
[Result "0-1"]
[Round "01"]
[TimeControl "180+1"]
[Date "2021.09.15"]
[WhiteClock "0:00:39"]
[BlackClock "0:00:51"]

1. d4 e6 2. Nf3 c5 3. e3 Nc6 4. b3 Be7 5. Bb2 Bf6 6. Bd3 d5 7. O-O Nge7 8. Nbd2 O-O 9. a3 b6 10. Ne5 Bb7 11. f4 Nf5 12. Bxf5 exf5 13. Qf3 Ne7 14. Qh3 g6 15. Ndf3 Bg7 16. dxc5 bxc5 17. Ng5 h6 18. Nexf7 Rxf7 19. Ne6 Qd6 20. Nxg7 Rxg7 21. Be5 Qe6 22. Qxh6 Rh7 23. Qg5 Nc6 24. Qf6 Re8 25. Qxe6+ Rxe6 26. Bb2 Rxe3 27. Rae1 Rhe7 28. Kf2 Rxe1 29. Rxe1 Rxe1 30. Kxe1 Kf7 31. g3 Ke6 32. Kd2 d4 33. c3 Kd5 34. Kd3 dxc3 35. Bxc3 Nd4 36. b4 Ba6+ 37. Ke3 Nc2+ 38. Kd2 Nxa3 39. bxc5 Nc4+ 40. Kc1 Kxc5 41. h3 Kd5 42. g4 Ke4 43. gxf5 gxf5 44. Be1 Bb5 45. Bg3 a5 46. h4 Be8 47. Kc2 a4 48. Kc3 Ne3 49. Kb4 Nd5+ 50. Ka3 Nxf4 51. Bh2 Nd5 52. h5 Bxh5 53. Kxa4 Be2 54. Kb3 Ne3 55. Ka2 Ng4 56. Bg3 Kf3 57. Bd6 Nf6 58. Be5 Nd5 59. Kb2 f4 60. Bxf4 Kxf4 61. Kb3 Ke4 62. Kc2 Kd4 63. Kd2 Bd3 64. Ke1 Ke3 65. Kd1 Nf4 66. Kc1 Kd4 67. Kb2 Ne2 68. Kb3 Bc4+ 69. Kb2 Kd3 70. Kb1 Kc3 71. Ka1 Nd4 72. Kb1 Nc2 73. Kc1 Ba2 74. Kd1 Nd4 75. Ke1 Kd3 76. Kf2 Ne2 77. Kg2 Be6 78. Kf3 Bd7 79. Kf2 Bc6 80. Kf1 Ke3 81. Ke1 Bd5 82. Kd1 Bb3+ 83. Ke1 Nf4 84. Kf1 Ba4 85. Ke1 Ng2+ 86. Kf1 Kf3 87. Kg1 Kg3 88. Kf1 Bb5+ 89. Kg1 Nf4 90. Kh1 Ba6 91. Kg1 Nh3+ 92. Kh1 Bb7# 0-1


[Site "https://www.chess.com"]

[Event "Titled Tuesday Blitz September 14 2021"]
[White "Grunberg, Mihai-Lucian"]
[Black "Grischuk, Alexander"]
[WhiteFideId "1204149"]
[BlackFideId "4126025"]
[WhiteElo "2364"]
[BlackElo "2757"]
[Result "0-1"]
[Round "01"]
[TimeControl "180+1"]
[Date "2021.09.15"]
[WhiteClock "0:00:02"]
[BlackClock "0:00:07"]

1. Nf3 Nf6 2. c4 g6 3. g3 Bg7 4. Bg2 O-O 5. O-O d6 6. d4 Nbd7 7. Nc3 e5 8. e4 exd4 9. Nxd4 Re8 10. h3 Nc5 11. Re1 Bd7 12. Bf4 h6 13. Rb1 a5 14. b3 a4 15. e5 Nh5 16. b4 Nxf4 17. gxf4 dxe5 18. fxe5 Ne6 19. Nxe6 Bxe6 20. Qxd8 Raxd8 21. Nxa4 Bxc4 22. Bxb7 Bxe5 23. Bc6 Re6 24. Nc5 Rxc6 25. Rxe5 Bxa2 26. Ra1 Bc4 27. Ra7 Kf8 28. Nb7 Rd1+ 29. Kh2 Rf6 30. Nc5 Rxf2+ 31. Kg3 Rdf1 32. Rxc7 Kg7 33. Ne4 Rf3+ 34. Kg2 Bd3 35. Nd6 h5 36. Ree7 h4 37. Ne8+ Kf8 0-1


[Site "https://www.chess.com"]

[Event "Titled Tuesday Blitz September 14 2021"]
[White "Gupta, Abhijeet"]
[Black "Martin Carmona, Gaston Manuel"]
[WhiteFideId "5010608"]
[BlackFideId "22284567"]
[WhiteElo "2549"]
[BlackElo "2161"]
[Result "1-0"]
[Round "01"]
[TimeControl "180+1"]
[Date "2021.09.15"]
[WhiteClock "0:00:28"]
[BlackClock "0:00:36"]

1. d4 Nf6 2. c4 g6 3. Nc3 Bg7 4. e4 d6 5. f3 O-O 6. Nge2 c5 7. d5 e6 8. Ng3 exd5 9. cxd5 a6 10. a4 Nbd7 11. Be2 h5 12. Bg5 Ne5 13. O-O Rb8 14. Qd2 Qc7 15. f4 Ned7 16. e5 dxe5 17. d6 Qa5 18. fxe5 Nh7 19. Be7 Nxe5 20. Nge4 Bf5 21. Rxf5 gxf5 22. Ng3 f4 23. Nxh5 Qb4 24. Rd1 Nc6 25. Nxg7 Kxg7 26. Bxf8+ Nxf8 27. Qd5 Qd4+ 28. Rxd4 cxd4 29. Bc4 dxc3 30. Qxf7+ Kh6 31. Qxf4+ Kg7 32. Qf7+ Kh6 33. bxc3 Ng6 34. Bd3 Nce5 35. Qd5 Nxd3 36. Qxd3 Rd8 37. c4 Kg7 38. c5 Kf7 39. Qd5+ Kf6 40. Qxb7 Ne5 41. Qxa6 Rb8 42. h3 Ke6 43. Kh2 Nd7 44. c6 Rb6 1-0


[Site "https://www.chess.com"]

[Event "Titled Tuesday Blitz September 14 2021"]
[White "Ibrahimli, Murad"]
[Black "Reprintsev, Alexander"]
[WhiteFideId "13410229"]
[BlackFideId "14100541"]
[WhiteElo "2109"]
[BlackElo "2126"]
[Result "1-0"]
[Round "01"]
[TimeControl "180+1"]
[Date "2021.09.15"]
[WhiteClock "0:00:23"]
[BlackClock "0:00:16"]

1. Nf3 d5 2. e3 Nc6 3. Bb5 Qd6 4. b3 a6 5. Bxc6+ Qxc6 6. O-O Bg4 7. Nc3 Nh6 8. Ne5 Bxd1 9. Nxc6 Bxc2 10. Nb4 Bg6 11. Nbxd5 O-O-O 12. Nf4 Bd3 13. Nxd3 Rxd3 14. f4 e6 15. Ne4 Be7 16. Kf2 Rhd8 17. Ke2 f5 18. Nf2 R3d5 19. d3 Bf6 20. Rb1 Nf7 21. Bd2 e5 22. fxe5 Nxe5 23. d4 Nc6 24. Nh3 g6 25. Nf4 R5d7 26. Bc3 Re8 27. Kf3 Ne7 28. Rbe1 Nd5 29. Nxd5 Rxd5 30. g4 c5 31. e4 fxe4+ 32. Rxe4 Rdd8 33. Rxe8 Rxe8 34. Rd1 Rd8 35. Ba5 Rd7 36. d5 Bd4 37. Ke4 Re7+ 38. Kf4 Re2 39. d6 Kd7 40. Bc7 Rxh2 41. Re1 Rf2+ 42. Kg5 Rf7 43. Kh6 b5 44. g5 c4 45. bxc4 bxc4 46. Re4 Bg7+ 47. Kxh7 Be5+ 48. Kxg6 Bxd6 49. Kxf7 Bxc7 50. Rxc4 1-0


[Site "https://www.chess.com"]

[Event "Titled Tuesday Blitz September 14 2021"]
[White "Jobava, Baadur"]
[Black "Loy, Konstantin"]
[WhiteFideId "13601520"]
[BlackFideId "14122499"]
[WhiteElo "2731"]
[BlackElo "2084"]
[Result "1-0"]
[Round "01"]
[TimeControl "180+1"]
[Date "2021.09.15"]
[WhiteClock "0:01:56"]
[BlackClock "0:00:04"]

1. e4 c5 2. d4 cxd4 3. c3 Nf6 4. e5 Nd5 5. Qxd4 e6 6. Bc4 Nc6 7. Qe4 f5 8. Qe2 Nb6 9. Bb3 d6 10. exd6 Qxd6 11. Nf3 Be7 12. O-O O-O 13. Rd1 Qc7 14. Bxe6+ Bxe6 15. Qxe6+ Kh8 16. Nbd2 Rad8 17. Re1 Rf6 18. Qe2 Bd6 19. Nf1 Nd5 20. Bg5 Nf4 21. Qc2 Rg6 22. Qxf5 Rf8 23. Bxf4 Rxf5 24. Re8+ Rf8 25. Rxf8+ Bxf8 26. Bxc7 1-0


[Site "https://www.chess.com"]

[Event "Titled Tuesday Blitz September 14 2021"]
[White "Khusnutdinov, Rustam"]
[Black "Nazari, Arad"]
[WhiteFideId "13701703"]
[BlackFideId "12577324"]
[WhiteElo "2571"]
[BlackElo "2153"]
[Result "1/2-1/2"]
[Round "01"]
[TimeControl "180+1"]
[Date "2021.09.15"]
[WhiteClock "0:00:51"]
[BlackClock "0:00:19"]

1. e4 c5 2. Nf3 d6 3. Bb5+ Nd7 4. a4 a6 5. Be2 e5 6. O-O Ngf6 7. Nc3 Be7 8. Bc4 O-O 9. a5 Nb8 10. d3 Nc6 11. Nd5 Nxd5 12. Bxd5 Nd4 13. h3 Qc7 14. Nh2 Be6 15. c3 Bxd5 16. exd5 Nf5 17. f4 exf4 18. Bxf4 Qd7 19. Qg4 g6 20. Rae1 h5 21. Qd1 Bh4 22. Re2 Bg3 23. Qd2 Rae8 24. Rxe8 Rxe8 25. Bxg3 Nxg3 26. Rf3 Nf5 27. Nf1 Qa4 28. Rxf5 gxf5 29. Ng3 Qh4 30. Kh2 f4 31. Ne4 f5 32. g3 fxg3+ 33. Nxg3 Re5 34. Qh6 Kf7 35. Qxd6 Qf4 36. Qc7+ Kg6 37. Qd6+ Kf7 38. Qc7+ Ke8 39. Qb8+ Kf7 40. Qc7+ 1/2-1/2


[Site "https://www.chess.com"]

[Event "Titled Tuesday Blitz September 14 2021"]
[White "Kubicka, Anna"]
[Black "Yoo, Christopher Woojin"]
[WhiteFideId "1152254"]
[BlackFideId "30909694"]
[WhiteElo "1986"]
[BlackElo "2105"]
[Result "0-1"]
[Round "01"]
[TimeControl "180+1"]
[Date "2021.09.15"]
[WhiteClock "0:00:36"]
[BlackClock "0:00:20"]

1. e4 c5 2. Nf3 e6 3. d4 cxd4 4. Nxd4 Nf6 5. Nc3 Nc6 6. Be3 Bb4 7. Nxc6 bxc6 8. Bd3 d5 9. exd5 exd5 10. Bd2 Bg4 11. f3 Bh5 12. O-O O-O 13. Ne2 Qb6+ 14. Kh1 Bxd2 15. Qxd2 Qxb2 16. a4 c5 17. Rab1 Qe5 18. c3 Rab8 19. Nf4 Bg6 20. Bxg6 hxg6 21. Nd3 Qd6 22. Qf2 c4 23. Nb4 a5 24. Nc2 Nd7 25. Qa7 Ra8 26. Qd4 Nc5 27. Rb5 Rac8 28. Ne3 Rfd8 29. Rd1 Ne6 30. Qxd5 Qa3 31. Qb7 Rxd1+ 32. Nxd1 Rd8 33. Rd5 Qxa4 34. Rxd8+ Nxd8 35. Qd5 Ne6 36. h4 Qc2 37. Kh2 Qxg2+ 38. Kxg2 Nf4+ 39. Kf2 Nxd5 40. Nb2 Nxc3 41. Nxc4 a4 42. Ke3 Nb5 43. Nd2 a3 44. Nb3 Kf8 45. Kd3 Ke7 46. Kc4 Nd6+ 47. Kb4 a2 48. Ka3 Nf5 49. Kxa2 Nxh4 50. Nd2 Kd6 51. Kb3 Ke5 52. Kc3 Kf4 53. Kd3 Nxf3 54. Ne4 g5 55. Nd6 f6 56. Ke2 Nd4+ 57. Kf2 Nf5 58. Ne8 g4 59. Nc7 g3+ 60. Kg2 Nh4+ 61. Kg1 Kg4 62. Ne6 g5 63. Nd4 f5 64. Nc2 f4 65. Nd4 Nf3+ 66. Nxf3 Kxf3 67. Kh1 Kg4 68. Kg2 f3+ 69. Kh1 Kh3 70. Kg1 f2+ 71. Kf1 g4 72. Ke2 Kg2 0-1


[Site "https://www.chess.com"]

[Event "Titled Tuesday Blitz September 14 2021"]
[White "Lashkin, Jegor"]
[Black "Federzoni, Enzo"]
[WhiteFideId "13907808"]
[BlackFideId "2173301"]
[WhiteElo "2293"]
[BlackElo "1956"]
[Result "1-0"]
[Round "01"]
[TimeControl "180+1"]
[Date "2021.09.15"]
[WhiteClock "0:01:20"]
[BlackClock "0:01:27"]

1. d4 Nf6 2. c4 g6 3. Nf3 Bg7 4. Nc3 d5 5. Bg5 Ne4 6. Bf4 Nxc3 7. bxc3 dxc4 8. e3 b5 9. Qb1 c6 10. a4 Qb6 11. axb5 cxb5 12. Bxc4 Bd7 13. Ne5 Bxe5 14. Bxe5 O-O 15. Be2 Nc6 16. Bg3 b4 17. cxb4 Nxb4 18. O-O a5 19. Qb2 Bb5 20. Rfc1 Bxe2 21. Qxe2 Rfc8 22. Rcb1 Qc6 23. h3 h5 24. Rb3 Qc2 25. Qxc2 Rxc2 26. Rxb4 1-0


[Site "https://www.chess.com"]

[Event "Titled Tuesday Blitz September 14 2021"]
[White "Marra, Eduardo da Costa"]
[Black "Bortnyk, Olexandr"]
[WhiteFideId "2106990"]
[BlackFideId "14120828"]
[WhiteElo "2262"]
[BlackElo "2723"]
[Result "0-1"]
[Round "01"]
[TimeControl "180+1"]
[Date "2021.09.15"]
[WhiteClock "0:00:01"]
[BlackClock "0:00:21"]

1. e4 Nf6 2. Nc3 d5 3. e5 Nfd7 4. f4 c5 5. Nf3 Nc6 6. d4 cxd4 7. Nxd4 Nxd4 8. Qxd4 e6 9. Be3 Bc5 10. Qd2 Qb6 11. Bxc5 Nxc5 12. O-O-O O-O 13. h4 Bd7 14. h5 Rfc8 15. h6 g6 16. Rh3 a6 17. g4 Bb5 18. Bg2 Rd8 19. Qd4 Rac8 20. f5 Nd7 21. Qf4 Qc7 22. fxg6 fxg6 23. Re3 Rf8 24. Qg5 Nb6 25. b3 Rf2 26. Rd2 Rxd2 27. Kxd2 d4 28. Rf3 dxc3+ 29. Kc1 Qd8 30. Qf4 Qd2+ 31. Qxd2 cxd2+ 32. Kxd2 Bc6 33. Rf2 Bxg2 34. Rxg2 Nd7 35. Re2 Rc5 36. Kd3 Rxe5 37. Rg2 g5 38. c4 Nf6 39. b4 Re4 40. Rf2 Rf4 41. Re2 Kf7 42. c5 Rxb4 43. Kc3 Rxg4 44. Rb2 Ne4+ 45. Kd4 Nd6+ 46. Kd3 Nb5 47. c6 bxc6 48. Rc2 Rd4+ 49. Ke3 Rd6 50. Rc5 Kg6 51. Kf3 Nd4+ 52. Kg4 Nf5 53. Ra5 Nxh6+ 0-1


[Site "https://www.chess.com"]

[Event "Titled Tuesday Blitz September 14 2021"]
[White "Matlakov, Maxim"]
[Black "Koustav, Chatterjee"]
[WhiteFideId "4168003"]
[BlackFideId "25073060"]
[WhiteElo "2652"]
[BlackElo "2242"]
[Result "1-0"]
[Round "01"]
[TimeControl "180+1"]
[Date "2021.09.15"]
[WhiteClock "0:00:32"]
[BlackClock "0:00:13"]

1. Nf3 d5 2. g3 Nf6 3. Bg2 e6 4. O-O c5 5. c4 d4 6. e3 Nc6 7. exd4 cxd4 8. d3 Bd6 9. Na3 O-O 10. Nc2 e5 11. b4 Nxb4 12. Nxb4 Bxb4 13. Nxe5 Re8 14. Rb1 Bc5 15. Re1 Qc7 16. Nf3 Bg4 17. Bf4 Qa5 18. h3 Bxf3 19. Bxf3 Qxa2 20. Rxb7 Rxe1+ 21. Qxe1 Re8 22. Qd1 h6 23. Rb5 Qa3 24. Bc1 Qc3 25. Bd2 Qa3 26. Kg2 a6 27. Bc1 Qc3 28. Bb2 axb5 29. Bxc3 dxc3 30. cxb5 Bd4 31. Qb3 Rc8 32. Bc6 Nd7 33. Qc4 Nb6 34. Qxd4 c2 35. Qc3 1-0


[Site "https://www.chess.com"]

[Event "Titled Tuesday Blitz September 14 2021"]
[White "Naroditsky, Daniel"]
[Black "Saravana, Krishnan P."]
[WhiteFideId "2026961"]
[BlackFideId "5018382"]
[WhiteElo "2608"]
[BlackElo "2245"]
[Result "0-1"]
[Round "01"]
[TimeControl "180+1"]
[Date "2021.09.15"]
[WhiteClock "0:00:34"]
[BlackClock "0:00:38"]

1. b3 e5 2. Bb2 Nc6 3. c4 Nf6 4. e3 g6 5. Nf3 d6 6. d4 Bg7 7. dxe5 Ng4 8. Nc3 Ngxe5 9. Nxe5 Nxe5 10. Be2 O-O 11. O-O Bd7 12. Qd2 Qh4 13. Nd5 c6 14. Nf4 Rad8 15. Rad1 Bg4 16. f3 Bc8 17. Bd4 g5 18. Nd3 g4 19. f4 Nxd3 20. Bxg7 Kxg7 21. Bxd3 f5 22. e4 Qf6 23. Qf2 b6 24. Rde1 Rfe8 25. Re2 fxe4 26. Bxe4 d5 27. cxd5 Ba6 28. Rfe1 Bxe2 29. Rxe2 cxd5 30. Bd3 Rxe2 31. Bxe2 Rc8 32. Qe3 h5 33. h3 Rc3 34. Qe8 Qd4+ 35. Kh1 Rc1+ 36. Kh2 Qxf4+ 37. g3 Qf2# 0-1


[Site "https://www.chess.com"]

[Event "Titled Tuesday Blitz September 14 2021"]
[White "Pridorozhni, Aleksei"]
[Black "Chernomordik, Pavel"]
[WhiteFideId "4127870"]
[BlackFideId "2804530"]
[WhiteElo "2565"]
[BlackElo "2256"]
[Result "1-0"]
[Round "01"]
[TimeControl "180+1"]
[Date "2021.09.15"]
[WhiteClock "0:02:04"]
[BlackClock "0:00:32"]

1. e4 g6 2. d4 Bg7 3. Nc3 d6 4. f4 a6 5. Nf3 b5 6. Bd3 Nd7 7. e5 c5 8. exd6 cxd4 9. Ne4 Qb6 10. O-O exd6 11. f5 d5 12. Ng3 Ne7 13. Qe2 Bf6 14. Bg5 O-O 15. Rae1 Nc6 16. Bh6 Nde5 17. Bxf8 Kxf8 18. fxg6 hxg6 19. Nxe5 Nxe5 20. Rxf6 Qxf6 21. Qxe5 Qxe5 22. Rxe5 Be6 23. Bxg6 Ke7 24. Bd3 Kd6 25. Re2 b4 26. b3 a5 27. Nf5+ Kc5 28. g4 a4 29. h4 axb3 30. axb3 Rh8 31. h5 Rg8 32. Rg2 f6 33. Kf2 1-0


[Site "https://www.chess.com"]

[Event "Titled Tuesday Blitz September 14 2021"]
[White "Sadhwani, Raunak"]
[Black "Najdin, Danil"]
[WhiteFideId "35093487"]
[BlackFideId "4172426"]
[WhiteElo "2517"]
[BlackElo "2193"]
[Result "1-0"]
[Round "01"]
[TimeControl "180+1"]
[Date "2021.09.15"]
[WhiteClock "0:01:49"]
[BlackClock "0:00:29"]

1. d4 Nf6 2. Nf3 g6 3. Nc3 d5 4. Bf4 Bg7 5. Nb5 Na6 6. e3 c6 7. Nc3 Nc7 8. Be2 O-O 9. O-O Bg4 10. h3 Bxf3 11. Bxf3 Nce8 12. Bh2 Nd6 13. a4 a5 14. Rb1 Qd7 15. Ne2 Nfe4 16. Nc1 Rae8 17. Nd3 f6 18. c3 e5 19. Qc2 exd4 20. cxd4 Nc4 21. Bxe4 Rxe4 22. Nc5 Qf5 23. Nxe4 Qxe4 24. Qxe4 dxe4 25. Rfd1 f5 26. b4 Ra8 27. bxa5 Rxa5 28. Rxb7 Rxa4 29. Rc1 g5 30. Rc7 Na5 31. Be5 Bf8 32. g4 fxg4 33. hxg4 Ra2 34. Rb1 Nc4 35. Rb8 Nd2 36. Rcc8 Nf3+ 37. Kg2 Kf7 38. Rxf8+ Ke7 39. Rxf3 1-0


[Site "https://www.chess.com"]

[Event "Titled Tuesday Blitz September 14 2021"]
[White "Sarana, Alexey"]
[Black "Devaev, Alexander"]
[WhiteFideId "24133795"]
[BlackFideId "4169395"]
[WhiteElo "2671"]
[BlackElo "2185"]
[Result "1-0"]
[Round "01"]
[TimeControl "180+1"]
[Date "2021.09.15"]
[WhiteClock "0:02:09"]
[BlackClock "0:00:53"]

1. e4 c6 2. Nf3 d5 3. d3 d4 4. c3 c5 5. g3 Nc6 6. Bg2 e5 7. O-O h6 8. a4 Bg4 9. Na3 Nf6 10. Nc4 Nd7 11. Qb3 Qc7 12. a5 Be7 13. cxd4 cxd4 14. Bd2 O-O 15. Rfc1 Be6 16. Qc2 Rfd8 17. a6 Rdc8 18. Ncxe5 Nc5 19. Nxc6 bxc6 20. Nxd4 Rab8 21. Bf4 Bd6 22. Bxd6 Qxd6 23. Qxc5 1-0


[Site "https://www.chess.com"]

[Event "Titled Tuesday Blitz September 14 2021"]
[White "Svane, Rasmus"]
[Black "Abdulla, Murad"]
[WhiteFideId "4657101"]
[BlackFideId "2403757"]
[WhiteElo "2643"]
[BlackElo "2125"]
[Result "1-0"]
[Round "01"]
[TimeControl "180+1"]
[Date "2021.09.15"]
[WhiteClock "0:00:29"]
[BlackClock "0:00:10"]

1. Nf3 c5 2. c4 Nc6 3. e3 Nf6 4. Nc3 g6 5. d4 cxd4 6. exd4 d5 7. cxd5 Nxd5 8. Qb3 e6 9. Bb5 Bg7 10. O-O O-O 11. Bxc6 bxc6 12. Re1 Ba6 13. Ne4 Rb8 14. Qd1 Nb4 15. Nc5 Bc4 16. Bf4 Rb6 17. b3 Bd5 18. Ne5 Bxe5 19. Rxe5 Na6 20. Nd3 Nb4 21. Nc5 Na6 22. Na4 Rb7 23. Re3 f6 24. h4 Qe7 25. Rc1 Qb4 26. Rd3 e5 27. Bd2 Qb5 28. Bh6 e4 29. Re3 Re8 30. Nc3 Qa5 31. Qd2 Rbe7 32. Nxe4 Qxd2 33. Nxd2 Rxe3 34. fxe3 Nb4 35. a3 Na6 36. e4 Bxe4 37. Nxe4 Rxe4 38. Rxc6 Rxh4 39. Be3 Re4 40. Kf2 1-0


[Site "https://www.chess.com"]